 Dungeon Crawl Stone Soup version 0.29.1-2-gbd0b4ee654 (webtiles) character file.

Game seed: 10578299819715309582

29 fantasyman the Covered (level 2, 0/26 HPs)
             Began as a Demigod Fighter on Nov 14, 2022.
             Succumbed to an adder's poison
             ... on level 2 of the Dungeon.
             The game lasted 00:02:19 (1302 turns).

fantasyman the Covered (Demigod Fighter)            Turns: 1302, Time: 00:02:20

Health: 0/26       AC: 10    Str: 23    XL:     2   Next: 81%
Magic:  4/4        EV:  7    Int: 10    God:
Gold:   109        SH:  4    Dex: 13    Spells: 1/1 levels left

rFire   . . .      SeeInvis .   g - +1 mace
rCold   . . .      Faith    .   c - +0 buckler
rNeg    . . .      Spirit   .   a - +0 chain mail
rPois   .          Reflect  .   (no helmet)
rElec   .          Harm     .   (no cloak)
rCorr   .          Rampage  .   h - +0 pair of gloves
Will    .....                   (no boots)
Stlth   ..........              (no amulet)
HPRegen 0.08/turn               i - +6 ring of strength
MPRegen 0.09/turn               (no ring)

@: mighty, brilliant, lethally poisoned (0 -> -1), attractive
A: high MP 1, forlorn, divine attributes
a: no special abilities


You were on level 2 of the Dungeon.
You visited 1 branch of the dungeon, and saw 2 of its levels.

You collected 109 gold pieces.

Inventory:

Hand Weapons
 g - a +1 mace (weapon)
Armour
 a - a +0 chain mail (worn)
 c - a +0 buckler (worn)
 h - a +0 pair of gloves (worn)
Jewellery
 i - a +6 ring of strength (left hand)
Potions
 f - a potion of attraction


   Skills:
 + Level 3.0 Fighting
 + Level 2.2 Maces & Flails
 + Level 3.1 Armour
 + Level 2.9 Shields


You had one spell level left.
You didn't know any spells.
Your spell library contained the following spells:

 Spells                   Type           Power      Damage    Failure   Level
 Apportation              Tloc           0%         N/A       99%         1
 Necrotise                Necr           0%         1d4       99%         1
 Summon Small Mammal      Summ           0%         N/A       99%         1
 Ignite Poison            Fire/Tmut/Pois 0%         N/A       100%        3
 Mephitic Cloud           Conj/Pois/Air  0%         N/A       100%        3
 Freezing Cloud           Conj/Ice/Air   0%         6-21      100%        5


Dungeon Overview and Level Annotations

Branches:
Dungeon (2/15)

Shops:
D:1 =


Innate Abilities, Weirdness & Mutations

You have an increased reservoir of magic. (+10% MP)
You shall have no god before yourself.
Your divine heritage dramatically boosts your attributes as you level up.


Message History

You feel very sick. The adder barely misses you.
The adder bites you but does no damage.
You are too injured to fight recklessly!
You are too injured to fight recklessly!
You are too injured to fight recklessly!
You are too injured to fight recklessly!
There is a lethal amount of poison in your body!
You feel very mighty all of a sudden.
You feel very sick. You block the adder's attack.
You thump the adder!
The adder is almost dead.
You feel sick. The adder bites you but does no damage.
The adder closely misses you.
You barely miss the adder.
The adder is almost dead.
* * * LOW HITPOINT WARNING * * *
You feel sick. The adder barely misses you.
The adder bites you but does no damage.
You sock the adder!
You kill the adder!
* * * LOW HITPOINT WARNING * * *
You feel sick.
It was a potion of attraction.
You feel attractive to monsters.
* * * LOW HITPOINT WARNING * * *
You feel sick.
It was a potion of brilliance.
You feel clever all of a sudden.
* * * LOW HITPOINT WARNING * * *
You feel sick.
There is a lethal amount of poison in your body!
As you read the scroll labelled XONAIMNI FUFAE, it crumbles to dust.
It is a scroll of enchant weapon.
Your +0 mace glows red for a moment.
* * * LOW HITPOINT WARNING * * *
You feel sick.
As you read the scroll labelled IZOQIE FUPRU, it crumbles to dust.
The scroll dissolves into smoke.
It was a scroll of fog.
You die...

.)..# ..#.# #.#.#
#.#.# #.#.######
#.#.##§..
#†#.##§###.###
#...§§@§§.....
#.#.##..##§#.#.###
#..>.....#.# #
#.#.##...#.# #
##.##.# .....#
#[#### #.. ###


There were no monsters in sight!

Vanquished Creatures
  An adder (D:2)
  2 bats (D:1)
  2 endoplasms (D:1)
  3 goblins (D:1)
  5 hobgoblins
  A quokka (D:1)
  A ball python (D:1)
  2 frilled lizards (D:1)
  A kobold (D:1)
  A rat (D:1)
19 creatures vanquished.

Notes
Turn   | Place    | Note
-------+----------+-------------------------------------------
     0 | D:1      | fantasyman the Demigod Fighter began the quest for the Orb.
     0 | D:1      | Reached XP level 1. HP: 18/18 MP: 3/3
   539 | D:1      | Reached XP level 2. HP: 23/25 MP: 4/4
   571 | D:1      | Found Vuseunt's Jewellery Shop.
  1301 | D:2      | HP: 1/26 [poisoned by an adder]
  1302 | D:2      | Succumbed to an adder's poison

Illustrated notes

Levels and vault maps discovered:
D:1:      scummos_arrival_gate, layout_loops_ring, serial_shops,
          nicolae_shop_crystal, hellmonk_ecumenical_altar_lost_god,
          roderic_serpentine_path
D:2:      layout_basic, basic_altar, grunt_ministairs_3,
          minmay_worlds_worst_comb

Skill      XL: |  1  2 |
---------------+-------+-----
Fighting       | 3 |  3.0
Maces & Flails | 2 |  2.2
Armour         | 3 |  3.1
Shields        | |  2.9

Action                   || total
-------------------------++-------
Melee: Flail             ||    40
       Mace              ||    27
  Use: Scroll            ||     3
       Potion            ||     3
Armor: Scale mail        ||    30
       Chain mail        ||    10
Dodge: Dodged            ||    33
Block: Buckler           ||    19
